 Dungeon Crawl Stone Soup version 0.19-a0-1007-g133f65f (console) character file.

8218 brucemayne the Cleaver (level 11, -1/80 HPs)
             Began as a Vampire Berserker on July 19, 2016.
             Was an Elder of Trog.
             Slain by Snorg (5 damage)
             ... on level 12 of the Dungeon.
             The game lasted 00:19:19 (4058 turns).

brucemayne the Cleaver (Vampire Berserker)          Turns: 4058, Time: 00:19:20

Health: -1/80      AC: 18    Str: 23    XL:     11   Next: 7%
Magic:  11/11      EV: 13    Int: 11    God:    Trog [****..]
Gold:   705        SH:  0    Dex: 21    Spells: 0 memorised, 10 levels left

rFire  . . .     SeeInvis +     N - +0 war axe
rCold  + . .     Gourm    .     D - +4 scale mail
rNeg   + + .     Faith    .     (no shield)
rPois  +         Spirit   .     C - +2 helmet "Pufov" {-Tele *Contam Regen+ Dex+8}
rElec  .         Dismiss  .     (no cloak)
rCorr  .         Reflect  .     (no gloves)
SustAt .         Harm     .     (no boots)
MR     +....     NoTele   +     (no amulet)
Stlth  ..........               b - +4 ring of strength
                                w - +4 ring of protection

@: exhausted, regenerating slowly, slowed, very slow, somewhat resistant to
hostile enchantments, extremely unstealthy
A: fangs 3, see invisible, unbreathing
a: Bat Form, Berserk, Trog's Hand, Brothers in Arms, Burn Spellbooks, Renounce
Religion


You were on level 12 of the Dungeon.
You worshipped Trog.
Trog was greatly pleased with you.
You were thirsty.

You visited 2 branches of the dungeon, and saw 14 of its levels.

You collected 705 gold pieces.

Inventory:

Hand Weapons
 a - a +0 hand axe
 q - a +2 hand axe of chopping
 t - a +0 flail of protection
 v - the +4 falchion "Ulyilidu" {slice, rF++ Stlth+}
   (You found it on level 5 of the Dungeon)

   It inflicts extra damage upon your enemies.
   It greatly protects you from fire.
   It makes you more stealthy.
 K - a +2 dagger of chaos
 M - a +1 hand axe of flaming
 N - a +0 war axe (weapon)
Missiles
 m - 7 tomahawks (quivered)
 y - 2 throwing nets
 B - 21 poisoned needles
 F - 3 tomahawks of dispersal
 I - 6 javelins of penetration
Armour
 C - the +2 helmet "Pufov" (worn) {-Tele *Contam Regen+ Dex+8}
   (You found it on level 5 of the Dungeon)

   It affects your dexterity (+8).
   It prevents most forms of teleportation.
   It causes magical contamination when unequipped.
   It increases your rate of regeneration.
 D - a +4 scale mail (worn)
 O - a +0 plate armour
Jewellery
 b - a +4 ring of strength (right hand)
 w - a +4 ring of protection (left hand)
Wands
 h - a wand of lightning (7/15)
 H - a wand of paralysis (8/24)
 J - a wand of acid (2/15)
 L - a wand of slowing (28/48)
Scrolls
 f - 4 scrolls of teleportation {unknown}
 g - 2 scrolls of blinking {unknown}
 j - 4 scrolls of identify
 l - a scroll of noise {unknown}
 n - 2 scrolls of amnesia {unknown}
 s - a scroll of enchant armour {unknown}
 z - a scroll of magic mapping {unknown}
 E - a scroll of silence {unknown}
 G - a scroll of vulnerability {unknown}
 P - a scroll of random uselessness {unknown}
Potions
 c - 29 potions of blood
 d - 2 potions of heal wounds {unknown}
 e - 4 potions of might {unknown}
 i - 3 potions of lignification {unknown}
 k - 2 potions of curing {unknown}
 o - a potion of agility {unknown}
 u - 2 potions of mutation {unknown}
 A - 3 potions of magic {unknown}
Books
 x - a book of Transfigurations

   Spells                             Type                      Level
   a - Irradiate                      Conjuration/Transmutation    5
   b - Statue Form                    Transmutation/Earth          6
   c - Hydra Form                     Transmutation                6
   d - Dragon Form                    Transmutation                7
   Trog disapproves of the use of such an item.


   Skills:
 - Level 5.6 Fighting
 + Level 13.5 Axes
 - Level 4.6 Armour
 + Level 4.8 Dodging


You had 10 spell levels left.
You didn't know any spells.

Dungeon Overview and Level Annotations

Branches:
Dungeon (13/15)               Orc (1/2) D:10
 Temple: D:4-7         Lair: D:8-11      Vaults: D:13-14

Altars:
Cheibriados
Dithmenos
Elyvilon
Fedhas
Kikubaaqudgha
Nemelex Xobeh
Qazlal
The Shining One

Annotations:
D:12 Snorg


Innate Abilities, Weirdness & Mutations

You heal slowly.
You have razor-sharp teeth.
You have supernaturally acute eyesight. (SInv)
You can survive without breathing.


Message History

Press: ? - help, Shift-Dir - straight line, f - Snorg
Aim: Snorg (moderately wounded, berserk, fast, unusually strong, chance to defeat MR: 15%) Snorg resists with almost no effort.
This wand has 9 charges left.
Snorg bites you! Snorg closely misses you. x2
Snorg bites you but does no damage. Snorg barely misses you.
Snorg claws you but does no damage.
Evoke which item? (* to show all) (? for menu, Esc to quit)
Zapping:
H - a wand of paralysis (9/24)
Press: ? - help, Shift-Dir - straight line, f/p - Snorg
Aim: Snorg (moderately wounded, berserk, fast, unusually strong, chance to defeat MR: 15%) Snorg resists with almost no effort.
This wand has 8 charges left.
Snorg misses you. Snorg claws you!
* * * LOW HITPOINT WARNING * * *
Snorg claws you.
* * * LOW HITPOINT WARNING * * *
Snorg bites you but does no damage. Snorg claws you but does no damage.
Snorg claws you!
* * * LOW HITPOINT WARNING * * *
Snorg bites you but does no damage. Snorg claws you.
You die...

##### #...##
#.....
#....#######
#..........#
#..#.#####.#
#....>.# #.#
#..###@###.###
#..# #T......#
##.# #.###.#.# #..
..##....######..
#.#
####.#..........
#.# #....######.#
#.# ####.# ## #.#
#######.####.## #
..............###.


You could see Snorg (berserk).

Vanquished Creatures
  An ogre mage (Orc:1)
  A deep elf mage (D:13)
  3 hill giants
  An orc sorcerer (Orc:1)
  2 slime creatures (D:12)
  Psyche (D:9)
  A komodo dragon (D:8)
  A two-headed ogre (D:10)
  The ghost of happinesssam the Charmwright, an amateur HESk of Okawaru (D:5)
  Sigmund (D:3)
  Edmund (D:4)
  A steam dragon (D:8)
  A warg (Orc:1)
  A black bear (D:7)
  6 orc warriors
  3 sky beasts
  2 ice beasts
  4 ogres
  2 centaurs
  A necrophage (D:6)
  A wolf (Orc:1)
  2 crocodiles (D:8)
  Blork the orc (D:4)
  4 giant frogs
  2 gnoll sergeants (D:5)
  3 killer bees (D:10)
  A giant frog zombie (D:6)
  A crimson imp (D:12)
  A quasit (D:10)
  5 orc priests
  3 hounds
  2 centaur skeletons
  2 iguanas (D:8)
  5 orc wizards
  2 worker ants
  A howler monkey zombie (D:6)
  11 adders
  9 gnolls (D:5)
  A shadow imp (D:4)
  A worm (D:2)
  A dart slug (D:2)
  5 giant geckos
  48 orcs
  A ball python (D:2)
  5 bats
  3 giant cockroaches
  6 goblins (D:5)
  8 hobgoblins
  2 jackals (D:6)
  A giant cockroach zombie (D:2)
  6 giant newts
  10 kobolds
  A quokka skeleton (D:4)
  A rat (D:2)
191 creatures vanquished.

Notes
Turn   | Place    | Note
-------+----------+-------------------------------------------
     0 | D:1      | brucemayne the Vampire Berserker began the quest for the Orb.
     0 | D:1      | Reached XP level 1. HP: 17/17 MP: 1/1
    40 | D:1      | Reached skill level 3 in Axes
    74 | D:2      | Reached XP level 2. HP: 21/23 MP: 2/2
   228 | D:2      | Reached XP level 3. HP: 16/28 MP: 3/3
   288 | D:2      | Found a shadowy altar of Dithmenos.
   291 | D:2      | Found a white marble altar of Elyvilon.
   302 | D:2      | Found a snail-covered altar of Cheibriados.
   309 | D:2      | Found a blossoming altar of Fedhas.
   310 | D:2      | Found a stormy altar of Qazlal.
   346 | D:3      | Reached skill level 4 in Axes
   349 | D:3      | Reached XP level 4. HP: 20/34 MP: 4/4
   355 | D:3      | Noticed Sigmund
   535 | D:2      | Reached ** piety under Trog
   576 | D:3      | Killed Sigmund
   576 | D:3      | Reached skill level 6 in Axes
   576 | D:3      | Reached XP level 5. HP: 37/39 MP: 5/5
   677 | D:3      | Found an ancient bone altar of Kikubaaqudgha.
   766 | D:3      | Reached XP level 6. HP: 10/46 MP: 6/6
  1234 | D:4      | Noticed Edmund
  1247 | D:4      | Killed Edmund
  1247 | D:4      | Reached skill level 7 in Axes
  1247 | D:4      | Reached XP level 7. HP: 51/51 MP: 7/7
  1279 | D:4      | Noticed Blork the orc
  1313 | D:4      | Killed Blork the orc
  1406 | D:5      | Entered Level 5 of the Dungeon
  1413 | D:5      | Got an iridescent falchion
  1591 | D:5      | Reached skill level 8 in Axes
  1599 | D:5      | Noticed happinesssam's ghost (amateur HESk)
  1686 | D:5      | Killed happinesssam's ghost
  1686 | D:5      | Reached skill level 9 in Axes
  1686 | D:5      | Reached XP level 8. HP: 57/57 MP: 8/8
  1806 | D:5      | Found a blossoming altar of Fedhas.
  1925 | D:5      | Reached *** piety under Trog
  2057 | D:5      | Got an encrusted helmet
  2063 | D:5      | Identified the +2 helmet "Pufov" {-Tele *Contam Regen+ Dex+8} (You found it on level 5 of the Dungeon)
  2374 | D:6      | Found a glowing golden altar of the Shining One.
  2485 | D:7      | Identified the +4 falchion "Ulyilidu" {slice, rF++ Stlth+} (You found it on level 5 of the Dungeon)
  2661 | D:8      | Reached XP level 9. HP: 65/66 MP: 9/9
  2683 | D:8      | Found a sparkling altar of Nemelex Xobeh.
  2687 | D:9      | Noticed Psyche
  2747 | D:9      | Killed Psyche
  2747 | D:9      | Reached skill level 5 in Fighting
  2847 | D:6      | Reached **** piety under Trog
  3070 | D:8      | Reached skill level 10 in Axes
  3104 | D:8      | Noticed a komodo dragon
  3122 | D:8      | Killed a komodo dragon
  3280 | D:10     | Entered Level 10 of the Dungeon
  3311 | D:10     | Reached skill level 11 in Axes
  3420 | D:10     | Reached XP level 10. HP: 64/75 MP: 10/10
  3477 | D:10     | Noticed a hill giant
  3539 | D:10     | Found a staircase to the Orcish Mines.
  3584 | D:10     | Killed a hill giant
  3586 | D:10     | Reached skill level 12 in Axes
  3636 | D:10     | Reached ***** piety under Trog
  3659 | Orc:1    | Entered Level 1 of the Orcish Mines
  3659 | Orc:1    | Noticed a hill giant
  3666 | Orc:1    | Noticed an ogre mage
  3672 | Orc:1    | Killed a hill giant
  3677 | Orc:1    | Killed an ogre mage
  3687 | Orc:1    | Noticed an orc sorcerer
  3719 | Orc:1    | Paralysed by an orc sorcerer for 5 turns
  3727 | Orc:1    | Killed an orc sorcerer
  3727 | Orc:1    | Reached skill level 13 in Axes
  3777 | Orc:1    | Noticed a hill giant
  3796 | Orc:1    | Killed a hill giant
  3836 | Orc:1    | Noticed a stone giant
  4030 | D:13     | Noticed a deep elf mage
  4040 | D:13     | Killed a deep elf mage
  4047 | D:12     | Noticed Snorg
  4050 | D:12     | Reached XP level 11. HP: 80/80 MP: 11/11
  4058 | D:12     | HP: 4/80 [Snorg (14)]
  4058 | D:12     | Slain by Snorg

Vault maps used:
D:1:      dpeg_arrival_chase
D:2:      minitemple, serial_undead, serial_undead_a, serial_undead_c,
          serial_undead_d, serial_undead_f, serial_undead_b, serial_undead_e
D:3:      nicolae_overflow_hidden_temple, uniq_sigmund, uniq_robin
D:4:      nicolae_ru_the_path_less_chosen, first_bread, uniq_blork_the_orc,
          uniq_edmund
D:5:      corexii_shantytown, basic_altar, fedhas_altar_3
D:6:      old_standard_altar, gup_sewer_entry_bubbles, st_stairs_13
D:8:      nemelex_xobeh_ov_fountains_minmay, erik_lair_dragon,
          blue_anna_alchemist
D:9:      lemuel_doored_altar, uniq_psyche
D:10:     orc_david_3
D:11:     lemuel_troll_bridge, uniq_josephine
D:12:     uniq_snorg, uniq_urug
D:13:     david_vaults_1, hangedman_abyss_or_decor_stagger
Orc:1:    giant_chief_lemuel, enter_volcano_1, portal_ice_cave_entry_ice_beasts,
          uniq_erolcha

Skill      XL: |  1  2  3  4  5  6  7  8  9 10 |
---------------+-------------------------------+-----
Axes           | 3 4 6 7 9 11 13 | 13.5
Fighting       | 4 5 |  5.6
Armour         | 3 4 |  4.6
Dodging        | 4 |  4.8

Action                   |  1- 3 |  4- 6 |  7- 9 | 10-12 || total
-------------------------+-------+-------+-------+-------++-------
Melee: Hand axe          |    48 |   138 |   307 |    72 ||   565
       Bite              |     6 |    18 |    44 |    30 ||    98
       War axe           |       |       |       |    66 ||    66
Invok: Berserk           |     3 |     6 |     8 |     4 ||    21
       Trog's Hand       |       |     3 |     1 |     6 ||    10
 Abil: End Transformatio |       |       |     3 |     1 ||     4
       Bat Form          |       |       |     3 |     1 ||     4
Evoke: Wand              |       |       |       |     2 ||     2
  Use: Potion            |     2 |    13 |    12 |     8 ||    35
       Scroll            |       |       |     2 |       ||     2
 Stab: Distracted        |     1 |       |       |       ||     1
Armor: Animal skin       |     2 |       |       |       ||     2
       Scale mail        |    23 |    27 |    90 |    64 ||   204
       Chain mail        |       |    30 |    51 |       ||    81
Dodge: Dodged            |    24 |    74 |   133 |    72 ||   303
